 Dungeon Crawl Stone Soup version 0.27-a0-1136-g0b992a5a9d (webtiles) character file.

Game seed: 16925759770824204200

93 leviel the Chopper (level 4, 0/61 HPs)
             Began as a Minotaur Berserker on May 5, 2021.
             Was a Believer of Trog.
             Succumbed to a water moccasin's poison
             ... on level 3 of the Dungeon.
             The game lasted 00:01:57 (3256 turns).

leviel the Chopper (Minotaur Berserker)             Turns: 3256, Time: 00:01:58

Health: 0/61       AC:  6    Str: 22    XL:     4   Next: 37%
Magic:  3/3        EV: 11    Int:  4    God:    Trog [**....]
Gold:   104        SH:  0    Dex: 10    Spells: 3/3 levels left

rFire    . . .     SeeInvis .   a - +0 hand axe
rCold    . . .     Faith    .   (no shield)
rNeg     . . .     Spirit   .   l - +0 ring mail
rPois    .         Reflect  .   (helmet restricted)
rElec    .         Harm     .   e - +0 cloak
rCorr    .         Rampage  .   (no gloves)
Will     ++...                  (no boots)
Stlth    ..........             (no amulet)
HPRegen  1.20/turn              (no ring)
MPRegen  0.08/turn              (no ring)

@: berserking, lethally poisoned (0 -> -7), strong-willed, regenerating, very
quick
A: horns 2, retaliatory headbutt
a: Renounce Religion, Berserk, Trog's Hand


You were on level 3 of the Dungeon.
You worshipped Trog.
Trog was pleased with you.
You visited 1 branch of the dungeon, and saw 3 of its levels.

You collected 104 gold pieces.

Inventory:

Hand Weapons
 a - a +0 hand axe (weapon)
Armour
 e - a +0 cloak (worn)
 l - a +0 ring mail (worn)
Scrolls
 b - a scroll of amnesia {unknown}
 c - 2 scrolls of fear {unknown}
 d - 3 scrolls of identify {unknown}
 h - 2 scrolls of teleportation {unknown}
 i - a scroll of magic mapping {unknown}
 j - 2 scrolls of enchant weapon {unknown}
Potions
 f - a potion of haste {unknown}
 k - a potion of heal wounds {unknown}


   Skills:
 + Level 4.4 Fighting
 * Level 4.8 Axes
 + Level 3.2 Armour
 + Level 2.9 Dodging


You had 3 spell levels left.
You didn't know any spells.
Your spell library was empty.

Dungeon Overview and Level Annotations

Branches:
Dungeon (3/15)

Altars:
Nemelex Xobeh
The Shining One


Innate Abilities, Weirdness & Mutations

You have a pair of horns on your head.
You reflexively headbutt those who attack you in melee.


Message History

The water moccasin bites you but does no damage.
The water moccasin bites you!
You are poisoned.
The water moccasin poisons you!
You closely miss the water moccasin.
The water moccasin is lightly wounded.
You feel very sick. The water moccasin closely misses you.
You are too injured to fight recklessly!
A water moccasin is nearby!
A water moccasin is nearby!
Your skin crawls.
You feel strong-willed.
You feel sick. The water moccasin bites you. The water moccasin bites you!
* * * LOW HITPOINT WARNING * * *
A red film seems to cover your vision as you go berserk!
You feel yourself moving faster!
You feel mighty!
You feel sick. The water moccasin barely misses you. You furiously retaliate!
You headbutt the water moccasin! You hit the water moccasin.
Your headbutt misses the water moccasin.
The water moccasin is almost dead.
You feel sick. The water moccasin bites you.
* * * LOW HITPOINT WARNING * * *
You are lethally poisoned!
The water moccasin poisons you!
You hit the water moccasin.
The water moccasin is almost dead.
* * * LOW HITPOINT WARNING * * *
You feel very sick.
The water moccasin bites you but does no damage.
You closely miss the water moccasin.
The water moccasin is almost dead.
* * * LOW HITPOINT WARNING * * *
You feel very sick.
The water moccasin bites you but does no damage.
You slash the water moccasin!
You kill the water moccasin!
Trog accepts your kill.
You die...

#### ##### #.. ## #...#
#.##### .#
#...######.#...
.###..........#.########
.'.'............@).$>...
.###..........#)####.###
## ##########.#...
#.##### #.. #### ######
#....# ##########....###


There were no monsters in sight!

Vanquished Creatures
  A water moccasin (D:3)
  An adder (D:3)
  A gnoll (D:1)
  3 worms (D:2)
  2 dart slugs (D:1)
  An orc (D:3)
  3 bats (D:1)
  7 endoplasms
  4 goblins
  8 hobgoblins
  6 jackals
  6 kobolds
  3 quokkas
  6 ball pythons
  A frilled lizard (D:3)
  5 rats
58 creatures vanquished.

Notes
Turn   | Place    | Note
-------+----------+-------------------------------------------
     0 | D:1      | leviel the Minotaur Berserker began the quest for the Orb.
     0 | D:1      | Reached XP level 1. HP: 19/19 MP: 0/0
   106 | D:1      | Reached XP level 2. HP: 18/27 MP: 1/1
  1137 | D:1      | Reached XP level 3. HP: 18/33 MP: 2/2
  1645 | D:2      | Found a faded altar of an unknown god.
  1782 | D:2      | Reached ** piety under Trog
  2388 | D:2      | Reached XP level 4. HP: 41/41 MP: 3/3
  2845 | D:3      | Found a glowing golden altar of the Shining One.
  2968 | D:3      | Found a sparkling altar of Nemelex Xobeh.
  3241 | D:3      | Noticed a water moccasin
  3255 | D:3      | HP: 1/61 [poisoned by a water moccasin]
  3256 | D:3      | Killed a water moccasin
  3256 | D:3      | Succumbed to a water moccasin's poison

Illustrated notes

Levels and vault maps discovered:
D:1:      dpeg_arrival_pits, layout_basic
D:2:      layout_loops_ring, hellmonk_ecumenical_altar_heavens_door,
          kennysheep_small_spiral, grunt_ministairs_14, st_stairs_5
D:3:      layout_basic, chei_slow_surprise, tso_metal_star, lemuel_crystal_altar

Skill      XL: |  1  2  3 |
---------------+----------+-----
Fighting       | 4 |  4.4
Axes           | 4 |  4.8
Armour         | 3 |  3.2
Dodging        | |  2.9

Action                   |  1- 3 |  4- 6 || total
-------------------------+-------+-------++-------
Melee: Hand axe          |    97 |    37 ||   134
       Headbutt          |    16 |     4 ||    20
Invok: Berserk           |     1 |     1 ||     2
       Trog's Hand       |       |     1 ||     1
Armor: Animal skin       |    12 |       ||    12
       Leather armour    |     8 |       ||     8
       Ring mail         |       |    15 ||    15
Dodge: Dodged            |    59 |    16 ||    75

Table legend: (Time is in decaauts)
 A = Elapsed time spent in this place.
 B = Non-inter-level travel time spent in this place.
 C = Inter-level travel time spent in this place.
 D = Time resting spent in this place.
 E = Time spent auto-exploring this place.
 F = Levels seen in this place.
 G = Mean time per level.
                   A        B        C        D        E       F      G
               +--------+--------+--------+--------+--------+-----+--------+
         Total |   3275 |   3207 |     68 |    362 |   2532 |   3 | 1091.7 |
       Dungeon |   3275 |   3207 |     68 |    362 |   2532 |   3 | 1091.7 |
               +--------+--------+--------+--------+--------+-----+--------+

Top non-repeatable levels by time:
     D:1: 1632 daAuts
     D:2: 1185 daAuts
     D:3: 457 daAuts
